 Dungeon Crawl Stone Soup version 0.22.1-1-ga44c0e5 (webtiles) character file.

364 JeffiDaFish the Skirmisher (level 6, 0/40 HPs)
             Began as a Gargoyle Fighter on Oct 8, 2018.
             Killed by divine providence
             ... invoked by an orc priest
              (11 damage)
             ... on level 4 of the Dungeon on Oct 13, 2018.
             The game lasted 00:08:28 (3144 turns).

JeffiDaFish the Skirmisher (Gargoyle Fighter)       Turns: 3144, Time: 00:08:28

Health: 0/40       AC: 12    Str: 22    XL:     6   Next: 67%
Magic:  6/6        EV:  7    Int:  8    God:
Gold:   170        SH: 10    Dex:  9    Spells: 5/5 levels left

rFire    . . .     SeeInvis .   a - +1 flail
rCold    . . .     Gourm    +   c - +1 shield
rNeg     + . .     Faith    .   b - +0 scale mail
rPois    ∞         Spirit   .   (no helmet)
rElec    +         Reflect  .   j - +0 cloak
rCorr    .         Harm     .   (no gloves)
MR       .....                  (no boots)
Stlth    ..........             i - amulet of the gourmand
HPRegen  0.13/turn              (no ring)
MPRegen  0.10/turn              (no ring)

@: about to teleport
A: negative energy resistance 1, electricity resistance, unbreathing,
petrification resistance, rot immunity, AC +4
a: no special abilities


You were on level 4 of the Dungeon.
You were completely stuffed.

You visited 1 branch of the dungeon, and saw 4 of its levels.

You collected 170 gold pieces.

Inventory:

Hand Weapons
 a - a +1 flail (weapon)
Armour
 b - a +0 scale mail (worn)
 c - a +1 shield (worn)
 j - a +0 cloak (worn)
Jewellery
 e - an uncursed amulet of regeneration
 i - an amulet of the gourmand (around neck)
 l - a cursed -2 ring of dexterity {unknown}
Scrolls
 g - a scroll of amnesia
Potions
 d - a potion of might
 h - a potion of haste
Comestibles
 f - 10 rations


   Skills:
 * Level 5.1 Fighting
 * Level 4.1 Maces & Flails
 + Level 4.3 Armour
 - Level 0.1 Dodging
 + Level 4.7 Shields


You had 5 spell levels left.
You didn't know any spells.
Your spell library was empty.

Dungeon Overview and Level Annotations

Branches:
Dungeon (4/15)
 Temple: D:4-7

Altars:
Sif Muna
Yredelemnul
The Shining One


Innate Abilities, Weirdness & Mutations

You are resistant to torment.
Your stone body is resilient. (AC +4)
You are immune to poison.
You resist negative energy. (rN+)
You are resistant to electric shocks. (rElec)
You can survive without breathing.
You are immune to petrification.
You are immune to rotting.


Message History

* * * LOW HITPOINT WARNING * * *
The orc priest looks satisfied for a moment.
The orc wizard looks encouraged for a moment.
You closely miss the orc wizard.
The orc wizard is almost dead.
You block the orc wizard's attack.
The orc wizard hits you but does no damage.
The orc wizard casts a spell.
The orc wizard flickers and vanishes!
Deactivating autopickup; reactivate with Ctrl-A.
The orc wizard points at you and mumbles some strange words.
You block the puff of frost.
You see here a tomahawk.
As you read the scroll of teleportation, it crumbles to dust.
You feel strangely unstable.
The orc wizard hits you but does no damage.
The orc wizard barely misses you.
The orc priest invokes the aid of Beogh against you.
Beogh smites you!
You die...

......#......P.#.#
#.....#
..##..#......#.#.#
#.....#
......###''###.#.#
#######
#.#............#.#
#....####..#####.#
##........## #.#
##...##.### #.#
......#.# #.#
....>...# #@#
.....#### #o#
.....# #.# .....#
......o.# .....#
####...o# .....#
+....# .....#
#..... .....#
#..... .....#
#.....


You could see an orc priest, an orc wizard and an orc.

Vanquished Creatures
  An ogre (D:4)
  A hound (D:4)
  A bullfrog skeleton (D:4)
  A centaur skeleton (D:2)
  2 worker ants (D:4)
  A gnoll (D:1)
  3 adders
  4 worms
  5 dart slugs
  3 orcs (D:4)
  3 ball pythons
  6 bats
  3 giant cockroaches
  12 goblins
  4 hobgoblins
  12 jackals
  2 quokkas (D:4)
  9 frilled lizards
  10 kobolds
  6 rats
  A spectral orc (D:2)
90 creatures vanquished.

Notes
Turn   | Place    | Note
-------+----------+-------------------------------------------
     0 | D:1      | JeffiDaFish the Gargoyle Fighter began the quest for the
                  | Orb.
     0 | D:1      | Reached XP level 1. HP: 14/14 MP: 1/1
    35 | D:1      | Reached XP level 2. HP: 15/19 MP: 2/2
   117 | D:1      | Reached XP level 3. HP: 13/23 MP: 3/3
   838 | D:2      | Reached XP level 4. HP: 29/29 MP: 4/4
   930 | D:2      | Found a basalt altar of Yredelemnul.
   991 | D:2      | Reached skill level 4 in Fighting
  1262 | D:2      | Found a deep blue altar of Sif Muna.
  1561 | D:3      | Found a glowing golden altar of the Shining One.
  1621 | D:3      | Reached XP level 5. HP: 33/33 MP: 5/5
  2515 | D:4      | Noticed an ogre
  2520 | D:4      | Killed an ogre
  2520 | D:4      | Reached skill level 5 in Fighting
  2520 | D:4      | Reached XP level 6. HP: 20/40 MP: 6/6
  3144 | D:4      | Killed from afar by an orc priest

Skill      XL: |  1  2  3  4  5  6 |
---------------+-------------------+-----
Shields        | 4 |  4.7
Fighting       | 4 5 |  5.1
Maces & Flails | 3 4 |  4.1
Armour         | 4 |  4.3
Dodging        | |  0.1

Action                   |  1- 3 |  4- 6 || total
-------------------------+-------+-------++-------
Melee: Flail             |   122 |   209 ||   331
  Use: Scroll            |     5 |     6 ||    11
       Potion            |     3 |     1 ||     4
  Eat: Chunk             |       |    23 ||    23
Armor: Scale mail        |    81 |    84 ||   165
Dodge: Dodged            |    47 |    61 ||   108
Block: Shield            |    95 |   135 ||   230
